AoeStats
← Eugenius

Black Forest

508289630Analyzed
4v4 RM · 10d ago on Sep 21, 2026· 32m 24s· 8 players
Game mode
Random Map
Map size
Large (8 player)
Population
200
Speed
Normal
Resources
Standard
Victory
Conquest
Starting age
Dark Age
Ending age
Imperial Age
RankedLock teamsTeams togetherTeam positionsShared explorationLock speedFull tech treeHidden civsTurbo modeCheats
Victory
Defeat
🇺🇸 Italians · United States
1752
+5
🇲🇽 Gurjaras · Mexico
1693
+6
🇵🇪 Ethiopians · Peru
1669
+7
🇲🇽 Poles · Mexico
1599
+9
🇪🇨 Lithuanians · Ecuador
1510
-9
🇷🇺 Persians · Russia
1504
-8
🇰🇷 Spanish · South Korea
1417
-6
🇩🇪 Britons · Germany
1328
-4
Maty
0:49 Loom
11:27 Feudal Age
16:10 Fletching
19:46 Double-Bit Axe
24:55 Castle Age
25:21 Fishing Lines
26:25 Town Watch
26:38 Gillnets
28:24 Scale Barding Armor
28:30 Gold Mining
29:16 Wheelbarrow
29:48 Forging
32:44 Hand Cart
kdu0687
13:08 Feudal Age
13:36 Loom
13:49 Double-Bit Axe
18:07 Castle Age
20:50 Wheelbarrow
23:31 Padded Archer Armor
25:10 Leather Archer Armor
26:44 Bow Saw
26:41 Stone Mining
30:26 Stone Shaft Mining
29:42 Fishing Lines
31:29 Gold Mining
31:42 Gillnets
xxArMoRxx
6:48 Loom
11:56 Feudal Age
16:06 Castle Age
14:44 Double-Bit Axe
14:43 Horse Collar
16:30 Fishing Lines
17:05 Bow Saw
17:55 Gillnets
19:31 Scale Barding Armor
19:00 Pikeman
19:40 Squires
AOE2.GG | NONO
0:31 Loom
10:50 Feudal Age
15:08 Wheelbarrow
18:24 Castle Age
16:45 Double-Bit Axe
18:47 Fletching
22:56 Horse Collar
26:05 Padded Archer Armor
30:56 Yeomen
quesarito
0:26 Loom
11:30 Feudal Age
12:03 Double-Bit Axe
16:33 Fletching
16:48 Padded Archer Armor
20:39 Horse Collar
26:09 Castle Age
26:48 Bodkin Arrow
26:59 Thumb Ring
26:21 Crossbowman
28:39 Leather Archer Armor
30:14 Wheelbarrow
31:10 Ballistics
31:31 Bow Saw
§Y¶# Ä
2:12 Loom
9:47 Feudal Age
14:59 Castle Age
14:56 Double-Bit Axe
20:27 Horse Collar
26:35 Redemption
César UAM
6:33 Loom
9:41 Feudal Age
10:24 Double-Bit Axe
12:47 Horse Collar
20:32 Bloodlines
20:38 Bloodlines
21:33 Forging
29:46 Castle Age
29:46 Light Cavalry
30:27 Husbandry
30:35 Scale Barding Armor
31:05 Iron Casting
31:42 Chain Barding Armor
Eugenius
9:08 Feudal Age
10:29 Fletching
15:38 Horse Collar
18:58 Double-Bit Axe
23:44 Castle Age
23:45 Crossbowman
24:22 Bodkin Arrow
27:14 Wheelbarrow
28:48 Ballistics
32:48 Imperial Age
30:56 Thumb Ring
31:25 Padded Archer Armor
32:19 Ballistics
Connection lost

Rejoining the realm…

Still unreachable

The connection could not be restored.

Session expired

The server has moved on; the page needs a fresh start.